 Dungeon Crawl Stone Soup version 0.28.0 (webtiles) character file.

Game seed: 17793035724867787848

114 Host24 the Bolt Thrower (level 5, 0/32 HPs)
             Began as a Kobold Hunter on Mar 5, 2022.
             Slain by a gnoll (1 damage)
             ... on level 4 of the Dungeon.
             The game lasted 00:04:53 (3257 turns).

Host24 the Bolt Thrower (Kobold Hunter)             Turns: 3257, Time: 00:04:53

Health: 0/32       AC:  3    Str: 11    XL:     5   Next: 18%
Magic:  5/5        EV: 15    Int: 12    God:
Gold:   41         SH:  0    Dex: 16    Spells: 4/4 levels left

rFire   . . .      SeeInvis .   n - +2 dagger (freeze)
rCold   . . .      Faith    .   (no shield)
rNeg    . . .      Spirit   .   c - +0 leather armour
rPois   .          Reflect  .   (no helmet)
rElec   .          Harm     .   (no cloak)
rCorr   .          Rampage  .   (no gloves)
Will    .....                   (no boots)
Stlth   +++.......              (no amulet)
HPRegen 0.10/turn               (no ring)
MPRegen 0.09/turn               (no ring)

@: about to teleport
A: small, no large weapons, nightstalker 3
a: no special abilities


You were on level 4 of the Dungeon.
You visited 1 branch of the dungeon, and saw 6 of its levels.

You collected 41 gold pieces.

Inventory:

Hand Weapons
 a - a +1 hand crossbow
 n - a +2 dagger of freezing (weapon)
Missiles
 b - 13 sling bullets
 d - 70 bolts
 f - 3 boomerangs (quivered)
 h - 88 stones
Armour
 c - a +0 leather armour (worn)
Wands
 p - a wand of iceblast (2)
Scrolls
 g - 2 scrolls of identify
 k - a scroll of amnesia {unknown}
 m - a scroll of magic mapping {unknown}
 o - a scroll of immolation {unknown}
Potions
 i - a potion of haste {unknown}
 j - a potion of mutation {unknown}
 l - a potion of curing


   Skills:
 - Level 3.0 Fighting
 + Level 6.7 Crossbows
 - Level 3.0 Dodging
 - Level 1.3 Stealth


You had 4 spell levels left.
You didn't know any spells.
Your spell library was empty.

Dungeon Overview and Level Annotations

Branches:
Dungeon (6/15)
 Temple: D:4-7

Altars:
Kikubaaqudgha

Shops:
D:1 :   D:3 [


Innate Abilities, Weirdness & Mutations

You are small and have problems with some larger weapons.
You are completely attuned to the shadows.


Message History

The gnoll sergeant hits you but does no damage.
You are poisoned.
You feel sick.
The gnoll sergeant hits you from afar with a +1 spear of venom.
You are more poisoned.
You feel very sick.
You feel very sick.
Found 18 bolts.
You feel sick.
You feel sick.
You feel sick.
You feel sick.
You feel sick.
You see here 18 bolts.
You feel sick.
You feel sick.
You feel sick.
You are no longer poisoned.
Found a short jewelled staff.
The gnoll sergeant misses you.
A kobold comes into view. It is wielding a +0 dagger.
The kobold shouts!
The kobold hits you with a +0 dagger. The kobold barely misses you.
The gnoll sergeant misses you. The kobold closely misses you.
The gnoll barely misses you. The gnoll sergeant barely misses you.
The gnoll hits you from afar with a +0 halberd.
* * * LOW HITPOINT WARNING * * *
As you read the scroll labelled EMANGI BURIKAM, it crumbles to dust.
It is a scroll of identify.
e - a scroll of teleportation The gnoll shouts!
The gnoll hits you from afar with a +0 halberd.
* * * LOW HITPOINT WARNING * * *
The gnoll sergeant misses you.
As you read the scroll of teleportation, it crumbles to dust.
You feel strangely unstable. The gnoll closely misses you.
The kobold hits you with a +0 dagger.
* * * LOW HITPOINT WARNING * * *
The gnoll sergeant barely misses you. The gnoll hits you with a +0 club.
You die...

###########
#.........#
#.........#
#......gK@#
#......g.g#
#........g##
#..........##
######.......
#.......
#.......
#.###### #.#


You could see a gnoll sergeant, 3 gnolls and a kobold.

Vanquished Creatures
  Terence (D:2)
  A howler monkey zombie (D:6)
  2 adders
  A dart slug (D:2)
  8 ball pythons
  9 bats
  2 endoplasms
  2 giant cockroaches
  8 goblins
  3 hobgoblins
  6 jackals
  4 frilled lizards
  3 kobolds
  4 rats
54 creatures vanquished.

Vanquished Creatures (others)
  A plant (D:3)
1 creature vanquished.

Grand Total: 55 creatures vanquished

Notes
Turn   | Place    | Note
-------+----------+-------------------------------------------
     0 | D:1      | Host24 the Kobold Hunter began the quest for the Orb.
     0 | D:1      | Reached XP level 1. HP: 12/12 MP: 1/1
    31 | D:1      | Reached skill level 5 in Crossbows
    61 | D:1      | Reached XP level 2. HP: 11/18 MP: 2/2
   643 | D:1      | Found a faded altar of an unknown god.
   786 | D:1      | Reached XP level 3. HP: 18/23 MP: 3/3
   931 | D:1      | Found Aqudwy's Book Shoppe.
  1701 | D:2      | Noticed Terence
  1716 | D:2      | Killed Terence
  1717 | D:2      | Reached XP level 4. HP: 23/28 MP: 4/4
  1787 | D:2      | Reached skill level 6 in Crossbows
  2577 | D:3      | Found Peiss's Antique Armour Shop.
  2801 | D:3      | Found an ancient bone altar of Kikubaaqudgha.
  2929 | D:3      | You fall into a shaft and drop 3 floors!
  2947 | D:6      | Reached XP level 5. HP: 30/32 MP: 5/5
  2974 | D:6      | Noticed a wyvern
  3039 | D:6      | Noticed a necrophage
  3070 | D:5      | Entered Level 5 of the Dungeon
  3175 | D:5      | Noticed a phantom
  3257 | D:4      | HP: 1/32 [kobold (3)]
  3257 | D:4      | Slain by a gnoll

Illustrated notes

Levels and vault maps discovered:
D:1:      dpeg_arrival_pits, layout_rooms, ebering_ecumenical_altar_petrified,
          serial_shops, shop, minmay_box_of_dots
D:2:      layout_basic, minmay_door_square, uniq_terence
D:3:      layout_basic, kiku_gazebo_pond_becter, makhleb_altar_promises_db,
          fedhas_ov_isle_minmay, serial_shops, nicolae_shop_stone, uniq_sigmund
D:4:      layout_rooms, lightli_minifort
D:5:      layout_basic, uniq_duvessa
D:6:      layout_basic, uniq_grinder

Skill      XL: |  1  2  3  4 |
---------------+-------------+-----
Crossbows      | 5 6 |  6.7
Fighting       | 3 |  3.0
Dodging        | 3 |  3.0
Stealth        | |  1.3

Action                   |  1- 3 |  4- 6 || total
-------------------------+-------+-------++-------
Melee: Short sword       |   122 |    30 ||   152
       Punch             |     1 |     3 ||     4
       Dagger            |       |    48 ||    48
 Fire: Hand crossbow     |    12 |     1 ||    13
  Use: Scroll            |       |     2 ||     2
 Stab: Sleeping          |     8 |     4 ||    12
Armor: Leather armour    |    39 |    18 ||    57
Dodge: Dodged            |   134 |    75 ||   209
